Map: Dusk Towers

Players

uniQFazer

  • Race: Protoss Protoss
  • League: Master

Miszu - Winner!

  • Race: Terran Terran
  • League: Grandmaster

VOD

Have the link to the VOD?

Description

Time

  • Played on: Feb. 14, 2016, 8:48 a.m.
  • Length: 10:31
Show
View Real Time Build Order
Export as new Build Order

uniQFazer Protoss 

Build Orders: 1 Gate Expand, Blink Stalkers 

Get SALT Encoding   

  12  0:01  Probe (Chrono Boost)  
  13  0:12  Probe (Chrono Boost)  
  14  0:17  Pylon  
  14  0:22  Probe (Chrono Boost)  
  15  0:37  Probe (Chrono Boost)  
  15  0:40  Gateway  
  17  0:50  Probe (Chrono Boost)  
  17  1:10  Nexus  
  17  1:14  Assimilator  
  17  1:26  Cybernetics Core  
  17  1:27  Probe (Chrono Boost)  
  18  1:33  Assimilator  
  18  1:37  Probe (Chrono Boost)  
  19  1:45  Pylon  
  19  1:48  Probe (Chrono Boost)  
  20  1:59  Probe (Chrono Boost)  
  21  2:04  Warp Gate  
  21  2:06  Adept  
  23  2:09  Probe (Chrono Boost)  
  24  2:20  Probe (Chrono Boost)  
  25  2:22  Twilight Council  
  25  2:23  Probe (Chrono Boost)  
  26  2:30  Probe (Chrono Boost)  
  26  2:34  Probe (Chrono Boost)  
  28  2:41  Probe (Chrono Boost)  
  29  2:45  Mothership Core (Chrono Boost)  
  32  2:51  Probe (Chrono Boost)  
  32  3:02  Probe (Chrono Boost)  
  32  3:03  Probe (Chrono Boost)  
  34  3:12  Probe x2 (Chrono Boost)  
  35  3:16  Blink (Chrono Boost)  
  36  3:24  Probe  
  36  3:25  Probe  
  37  3:30  Nexus  
  36  3:35  Pylon  
  36  3:42  Probe (Chrono Boost)  
  36  3:44  Probe (Chrono Boost)  
  36  3:46  Pylon  
  38  3:53  Probe (Chrono Boost)  
  40  3:55  Probe (Chrono Boost)  
  40  3:57  Gateway, Pylon  
  40  4:01  Gateway  
  40  4:05  Gateway  
  40  4:06  Probe (Chrono Boost)  
  42  4:10  Probe (Chrono Boost)  
  42  4:13  Stalker  
  42  4:16  Probe (Chrono Boost)  
  44  4:20  Pylon, Probe (Chrono Boost)  
  46  4:26  Probe  
  46  4:31  Assimilator  
  47  4:32  Robotics Facility, Probe  
  48  4:38  Stalker  
  48  4:41  Probe x2  
  48  4:42  Gateway  
  52  4:51  Probe  
  52  4:52  Probe  
  53  4:54  Stalker  
  53  4:56  Probe  
  57  5:02  Probe  
  57  5:03  Adept x2, Probe  
  57  5:06  Probe  
  62  5:07  Stalker  
  62  5:13  Probe  
  63  5:15  Probe  
  63  5:20  Assimilator  
  63  5:21  Adept  
  65  5:25  Pylon  
  65  5:27  Sentry  
  67  5:29  Pylon  
  67  5:31  Pylon  
  67  5:33  Probe x2  
  67  5:35  Probe  
  64  5:44  Immortal (Chrono Boost), Probe  
  64  5:45  Stalker x3  
  73  5:54  Probe x2  
  73  5:55  Probe  
  71  5:59  Stalker  
  73  6:05  Probe  
  73  6:06  Probe  
  73  6:07  Probe  
  76  6:13  Dark Shrine  
  76  6:16  Stalker x2  
  76  6:17  Stalker  
  76  6:18  Probe  
  81  6:19  Probe x2  
  81  6:20  Warp Prism  
  84  6:28  Probe  
  84  6:31  Probe  
  84  6:32  Forge, Probe  
  89  6:39  Probe  
  89  6:43  Probe  
  89  6:44  Probe  
  89  6:46  Pylon  
  92  6:48  Pylon  
  92  6:49  Probe  
  92  6:50  Pylon  
  93  6:55  Immortal, Probe  
  93  6:56  Probe  
  91  7:07  Charge (Chrono Boost), Probe  
  84  7:08  Probe x2  
  84  7:11  Stalker  
  84  7:12  Stalker x3  
  94  7:17  Assimilator  
  94  7:19  Templar Archives, Assimilator, Probe  
  95  7:29  Immortal  
  95  7:32  Protoss Ground Armor Level 1 (Chrono Boost)  
  99  7:40  Dark Templar, Zealot x2  
  99  7:41  Zealot  
  95  8:01  Gateway  
  95  8:03  Gateway, Immortal  
  95  8:05  Dark Templar  
  97  8:09  Dark Templar  
  103  8:13  Nexus  
  99  8:35  Stalker x2  
  99  8:39  Zealot  
  99  8:40  Robotics Facility  
  99  8:41  Probe x2  
  107  8:42  Pylon  
  107  8:44  Pylon  
  107  8:45  Probe  
  107  8:46  Pylon  
  106  8:53  Probe  
  106  8:55  Immortal  
  101  9:09  Stalker  
  99  9:10  Stalker x2  
  99  9:11  Zealot x3  
  105  9:19  Probe x3  
  106  9:25  Assimilator  
  98  9:31  Immortal  
  98  9:36  Immortal  
  98  9:37  Assimilator  
  98  9:38  Zealot x4  
  98  9:39  Dark Templar x2  
  98  9:42  Dark Templar  
  88  9:55  Dark Templar  
  88  9:57  Zealot  
  87  10:06  Gateway  
  85  10:07  Zealot x2  
  85  10:08  Gateway x2  
  85  10:09  Mothership Core  
Show
View Real Time Build Order
Export as new Build Order

Miszu Terran - Winner!

Build Orders: Hellion Opening, Mech 

Get SALT Encoding   

  12  0:00  SCV  
  13  0:12  SCV  
  14  0:18  Supply Depot  
  14  0:24  SCV  
  15  0:40  SCV  
  16  0:42  Barracks  
  16  0:46  Refinery  
  16  0:52  SCV  
  18  1:04  SCV  
  18  1:16  SCV  
  19  1:30  Orbital Command  
  19  1:31  Marine  
  20  1:40  Command Center  
  20  1:48  Supply Depot  
  20  1:56  SCV  
  21  2:01  Factory  
  21  2:05  Barracks Reactor  
  21  2:09  SCV  
  22  2:22  SCV  
  23  2:34  SCV  
  24  2:46  SCV  
  27  2:51  Hellion x2  
  27  2:52  Orbital Command  
  27  2:58  SCV  
  30  3:10  SCV  
  33  3:13  Hellion x2  
  33  3:14  Supply Depot  
  33  3:16  Factory  
  33  3:19  Barracks Reactor  
  35  3:21  SCV  
  35  3:22  SCV  
  37  3:33  SCV  
  40  3:34  Hellion, SCV  
  41  3:45  SCV  
  41  3:46  SCV  
  43  3:51  Factory  
  43  3:54  Supply Depot  
  43  3:56  Supply Depot  
  43  3:57  Hellion x2, SCV  
  43  3:58  SCV  
  49  4:09  SCV  
  50  4:10  SCV  
  50  4:13  Hellion  
  50  4:15  Hellion  
  55  4:19  Hellion  
  55  4:20  Hellion  
  55  4:21  SCV  
  55  4:23  SCV  
  61  4:29  Supply Depot x2  
  61  4:33  SCV  
  61  4:34  Hellion  
  61  4:35  SCV  
  61  4:37  Hellion  
  65  4:39  Factory Tech Lab  
  65  4:41  Hellion x2  
  69  4:46  SCV  
  69  4:50  Command Center  
  70  4:56  Hellion  
  70  4:58  Hellion  
  77  5:00  SCV  
  77  5:01  SCV  
  77  5:02  Hellion  
  77  5:06  Hellion  
  83  5:17  Hellion  
  83  5:18  SCV  
  86  5:22  Hellion, SCV  
  86  5:25  Refinery x2  
  86  5:26  Refinery  
  84  5:30  SCV  
  84  5:31  Siege Tank  
  86  5:54  Hellion  
  86  6:01  Supply Depot  
  86  6:02  Supply Depot, Hellion x3, SCV x2  
  86  6:03  Hellion  
  96  6:08  Factory  
  96  6:10  Factory  
  96  6:14  SCV x2  
  98  6:23  Hellion, Orbital Command  
  100  6:26  Siege Tank, SCV x2  
  100  6:27  Hellion  
  100  6:31  Hellion  
  109  6:35  Starport  
  109  6:38  SCV x2  
  109  6:39  Hellion  
  113  6:47  Supply Depot x2  
  113  6:50  SCV x2  
  101  7:02  SCV x2  
  101  7:04  Siege Tank  
  101  7:05  Hellion x3, Factory Tech Lab x2  
  101  7:07  Hellion  
  110  7:08  SCV  
  110  7:14  SCV x2  
  113  7:15  Starport Reactor  
  113  7:20  SCV  
  114  7:23  Siege Tank  
  114  7:24  Siege Tank  
  114  7:26  Hellion, SCV  
  114  7:27  Armory  
  114  7:28  Engineering Bay  
  123  7:30  Refinery x2, Armory  
  123  7:32  Supply Depot, Hellion  
  123  7:36  Hellion  
  117  7:56  Siege Tank x3  
  124  7:59  Hellion x2  
  124  8:00  Hellion x2  
  124  8:01  Viking  
  124  8:03  SCV x2  
  124  8:04  Missile Turret  
  136  8:05  Missile Turret  
  136  8:07  Missile Turret  
  136  8:09  Supply Depot  
  134  8:17  SCV x2  
  134  8:18  Terran Vehicle And Ship Armor Level 1, Terran Vehicle Weapons Level 1  
  135  8:21  Hellion x2  
  135  8:26  Medivac  
  141  8:32  SCV x2  
  141  8:38  Siege Tank x2  
  141  8:39  Hellion x2  
  151  8:47  Supply Depot  
  151  9:03  Hellion, Siege Tank  
  151  9:09  Hellion x2  
  160  9:10  Siege Tank  
  160  9:16  Hellion  
  165  9:22  Siege Tank  
  164  9:30  Hellion  
  164  9:31  Hellion  
  163  9:34  Hellbat  
  163  9:35  Siege Tank  
  163  9:37  Hellbat  
  150  9:42  Siege Tank  
  140  9:51  Hellbat  
  140  9:52  Hellbat  
  141  9:54  Siege Tank  
  141  9:55  Hellbat  
  141  9:58  Hellion  
  146  10:02  Command Center  
Tags
 
Add a new tag
Caveats
  • Supply blocks, unpowered buildings, or Contaminate may cause inaccurate times.
  • Supply counts are checked every 10 seconds.